 Dungeon Crawl Stone Soup version 0.20.1-1-g8b1a95d (webtiles) character file.

224 wojtek the Chopper (level 5, -1/47 HPs)
             Began as a Minotaur Fighter on Dec 25, 2017.
             Killed from afar by an orc wizard (7 damage)
             ... with a magic dart
             ... on level 4 of the Dungeon.
             The game lasted 00:03:22 (2867 turns).

wojtek the Chopper (Minotaur Fighter)               Turns: 2867, Time: 00:03:23

Health: -1/47      AC:  7    Str: 22    XL:     5   Next: 67%
Magic:  4/4        EV:  7    Int:  5    God:
Gold:   148        SH:  9    Dex:  9    Spells: 4/4 levels left

rFire    . . .     SeeInvis .   a - +0 war axe
rCold    . . .     Gourm    .   c - +0 shield
rNeg     . . .     Faith    .   b - +0 scale mail
rPois    .         Spirit   .   (helmet restricted)
rElec    .         Reflect  .   (no cloak)
rCorr    .         Harm     .   (no gloves)
MR       .....                  (no boots)
Stlth    ..........             (no amulet)
Regen    0.2/turn               (no ring)
MPRegen  0.1/turn               (no ring)

@: no status effects
A: retaliatory headbutt, horns 2
a: no special abilities


You were on level 4 of the Dungeon.
You were hungry.

You visited 1 branch of the dungeon, and saw 4 of its levels.

You collected 148 gold pieces.

Inventory:

Hand Weapons
 a - a +0 war axe (weapon)
 u - a +0 war axe
Missiles
 t - 7 exploding tomahawks (quivered)
Armour
 b - a +0 scale mail (worn)
 c - a +0 shield (worn)
Jewellery
 s - an uncursed ring of poison resistance {unknown}
Scrolls
 j - 2 scrolls of random uselessness {unknown}
 k - 4 scrolls of identify {unknown}
 l - 6 scrolls of remove curse {unknown}
 q - a scroll of recharging {unknown}
 r - a scroll of amnesia {unknown}
Potions
 d - a potion of might
 e - 2 potions of curing {unknown}
 h - 2 potions of brilliance {unknown}
 i - a potion of cancellation {unknown}
 n - a potion of mutation {unknown}
 v - a potion of ambrosia {unknown}
 w - a potion of lignification {unknown}
Comestibles
 f - 4 bread rations
 g - 3 chunks of flesh
 m - 2 meat rations
 o - 3 fruits
 p - a royal jelly


   Skills:
 + Level 4.7 Fighting
 * Level 5.8 Axes
 + Level 4.6 Armour
 - Level 3.6 Shields


You had 4 spell levels left.
You didn't know any spells.

Dungeon Overview and Level Annotations

Branches:
Dungeon (4/15)
 Temple: D:4-7

Altars:
Kikubaaqudgha
Qazlal
Sif Muna
Uskayaw
Vehumet
Xom
The Shining One


Innate Abilities, Weirdness & Mutations

You reflexively headbutt those who attack you in melee.
You have a pair of horns on your head.


Message History

The orc wizard blinks!
The orc wizard points at you and mumbles some strange words.
The magic dart hits you!
The orc wizard gestures at you while chanting.
You are confused.
You bump into the rock wall.
You bump into the rock wall.
The ogre hits you with a giant club! The ogre hits you with a giant club!
The orc wizard hits you but does no damage.
You bump into the rock wall.
The orc wizard casts a spell at you. The magic dart hits you!
* * * LOW HITPOINT WARNING * * *
The ogre hits you with a giant club!
* * * LOW HITPOINT WARNING * * *
You feel less confused.
You are feeling hungry.
The orc wizard casts a spell at you. The magic dart hits you!
You die...

##..########
...........#
##..######.# #.#
#..######.#
#.....@.oo#
#.######Oo# #..#
# #..# .#
#..###.#
##......#
####.......##
.........[.?.#
................


You could see an ogre, 2 orc wizards and an orc.

Vanquished Creatures
  A bullfrog skeleton (D:4)
  A centaur skeleton (D:3)
  A worker ant (D:4)
  A gnoll (D:2)
  4 adders
  An ooze (D:4)
  An adder skeleton (D:4)
  2 worms (D:2)
  A dart slug (D:2)
  3 leopard geckos
  5 orcs
  A ball python (D:3)
  3 giant cockroaches
  6 goblins
  11 hobgoblins
  11 kobolds
  9 bats
  10 frilled lizards
  7 rats
79 creatures vanquished.

Notes
Turn   | Place    | Note
-------+----------+-------------------------------------------
     0 | D:1      | wojtek the Minotaur Fighter began the quest for the Orb.
     0 | D:1      | Reached XP level 1. HP: 19/19 MP: 0/0
    52 | D:1      | Reached skill level 3 in Axes
   174 | D:1      | Reached XP level 2. HP: 26/27 MP: 1/1
   496 | D:1      | Reached skill level 4 in Axes
   555 | D:1      | Reached XP level 3. HP: 25/33 MP: 2/2
   958 | D:2      | Found a radiant altar of Vehumet.
  1479 | D:2      | Reached XP level 4. HP: 40/40 MP: 3/3
  1936 | D:3      | Found a stormy altar of Qazlal.
  1937 | D:3      | Found an ancient bone altar of Kikubaaqudgha.
  1937 | D:3      | Found a glowing golden altar of the Shining One.
  1937 | D:3      | Found a hide-covered altar of Uskayaw.
  1937 | D:3      | Found a deep blue altar of Sif Muna.
  1938 | D:3      | Found a shimmering altar of Xom.
  2072 | D:3      | Reached skill level 5 in Axes
  2227 | D:3      | Reached XP level 5. HP: 38/47 MP: 4/4
  2850 | D:4      | Noticed an ogre
  2867 | D:4      | Killed from afar by an orc wizard

Skill      XL: |  1  2  3  4 |
---------------+-------------+-----
Axes           | 3 4 5 |  5.8
Fighting       | 4 |  4.7
Armour         | 4 |  4.6
Shields        | |  3.6

Action                   |  1- 3 |  4- 6 || total
-------------------------+-------+-------++-------
Melee: War axe           |    96 |   101 ||   197
       Headbutt          |    11 |    13 ||    24
  Eat: Chunk             |     2 |     4 ||     6
Armor: Scale mail        |    41 |    58 ||    99
Dodge: Dodged            |    24 |    29 ||    53
Block: Shield            |    46 |    62 ||   108
